 Dungeon Crawl Stone Soup version 0.28.0-53-g5a82cb258f (webtiles) character file.

Game seed: 163606238104763440

509 thriggle the Chiller (level 7, 0/52 HPs)
             Began as a Barachi Ice Elementalist on June 16, 2022.
             Was a Plaything of Xom.
             Slain by an orc priest
             ... wielding a +0 mace
              (5 damage)
             ... on level 4 of the Dungeon.
             The game lasted 00:16:17 (4431 turns).

thriggle the Chiller (Barachi Ice Elementalist)     Turns: 4431, Time: 00:16:17

Health: 0/52       AC:  3    Str: 10    XL:     7   Next: 19%
Magic:  9/12       EV: 13    Int: 19    God:    Xom [..*...]
Gold:   490        SH:  0    Dex: 18    Spells: 5/12 levels left

rFire   . . .      SeeInvis .   f - +0 short sword
rCold   . . .      Faith    .   (no shield)
rNeg    . . .      Spirit   .   a - +1 robe
rPois   .          Reflect  .   (no helmet)
rElec   .          Harm     .   (no cloak)
rCorr   .          Rampage  .   (no gloves)
Will    .....                   (no boots)
Stlth   ++........              (no amulet)
HPRegen 0.17/turn               k - +6 ring of dexterity
MPRegen 0.13/turn               (no ring)

@: freezing walls, slow
A: amphibious, slowness 1, strong legs 1, +LOS, claws 1, clever 1, screaming 1,
wild magic 1
a: Hop, Renounce Religion


You were on level 4 of the Dungeon.
You worshipped Xom.
You were a toy of Xom.
You visited 1 branch of the dungeon, and saw 4 of its levels.

You collected 490 gold pieces.

Inventory:

Hand Weapons
 d - a +0 hand axe
 e - a +0 dagger
 f - a +0 short sword (weapon)
 m - a +2 flail of venom
 r - a +3 spear
Missiles
 c - 190 stones (quivered)
Armour
 a - a +1 robe (worn)
 s - a +0 ring mail
Jewellery
 k - a +6 ring of dexterity (left claw)
Scrolls
 g - a scroll of enchant armour
 i - 2 scrolls of identify {unknown}
 l - 2 scrolls of immolation
 o - a scroll of blinking {unknown}
 p - a scroll of teleportation {unknown}
 u - a scroll of magic mapping {unknown}
Potions
 b - a potion of curing
 h - 3 potions of resistance
 j - a potion of flight {unknown}
 n - a potion of brilliance {unknown}
 q - 2 potions of mutation {unknown}
 t - a potion of lignification {unknown}


   Skills:
 + Level 3.0 Fighting
 + Level 2.5 Short Blades
 + Level 2.4 Throwing
 + Level 1.8 Armour
 + Level 3.6 Dodging
 - Level 3.0 Stealth
 + Level 3.4 Spellcasting
 + Level 5.7 Ice Magic


You had 5 spell levels left.
You knew the following spells:

 Your Spells              Type           Power      Damage    Failure   Level
a - Freeze                Ice            100%       1d11      2%          1
b - Ozocubu's Armour      Ice            32%        N/A       7%          3
c - Frozen Ramparts       Ice            64%        1d8       7%          3

Your spell library contained the following spells:

 Spells                   Type           Power      Damage    Failure   Level
 Hailstorm                Conj/Ice       18%        3d6       50%         4


Dungeon Overview and Level Annotations

Branches:
Dungeon (4/15)             Temple (0/1) D:4

Altars:
Elyvilon
Xom

Annotations:
D:4 2 runed translucent doors, Zeld's ghost, amateur DECj


Innate Abilities, Weirdness & Mutations

You are amphibious.
You cover ground slowly.
You can hop short distances.
You have an extended range of vision and can be seen from far away.
You have sharp fingernails.
Your mind is acute. (Int +2)
You occasionally shout uncontrollably at your foes.
Your spells are a little harder to cast, but a little more powerful.


Message History

You now have 474 gold pieces (gained 3).
You now have 490 gold pieces (gained 16).
Things that are here:
a +0 short sword; an orc corpse You open the door.
There is an open door here.
There is an open door here.
There is an open door here.
There is a large open door here.
You see here an adder skeleton.
You open the door.
An endoplasm comes into view.
Found a ring mail.
Found a stone staircase leading down.
There is an open door here.
There is a stone staircase leading down here.
The endoplasm quivers.
You hit the endoplasm.
You kill the endoplasm!
You open the door.
An orc priest comes into view. It is wielding a +0 mace.
There is an open door here.
You ribbit at the orc warrior!
An orc warrior and an orc wizard come into view.
The orc warrior is wielding a +1 halberd of freezing and quivering silver boomerangs.
The orc priest shouts!
The orc warrior shouts!
The orc wizard shouts!
The orc warrior hits you from afar with a +1 halberd of freezing!!
The orc warrior freezes you. The orc priest hits you with a +0 mace.
Casting: Frozen Ramparts (dangerous; 7% risk of failure)
Confirm with . or Enter, or press ? or * to list all spells.
Casting: Frozen Ramparts (dangerous; 7% risk of failure)
Press: ? - help, Dir - look around, f - activate The walls around you are covered in ice.
The wall freezes the orc wizard.
The wall freezes the orc warrior.
The orc warrior hits you from afar with a +1 halberd of freezing!
* * * LOW HITPOINT WARNING * * *
The orc warrior freezes you.
* * * LOW HITPOINT WARNING * * *
The wall freezes the orc priest.
The orc priest hits you with a +0 mace.
You die...
Xom thinks this is hilarious!

## .# .. .# #######
.# ######.....# o#
####..........# o#
...#.[........###.#
...'...>......'.@o#
...#..........#####
####..........# #
#..........# ##
#..........#
.##############
..## #.(#
#################
...#
#...............#


You could see an orc warrior, an orc priest and an orc wizard.

Vanquished Creatures
  A scorpion (D:4)
  2 centaur skeletons (D:4)
  A hound (D:4)
  A gnoll shaman (D:4)
  A scorpion zombie (D:3)
  14 gnolls
  7 adders
  A white imp (D:4)
  3 adder skeletons (D:4)
  A worm (D:2)
  2 dart slugs
  4 orcs
  15 endoplasms
  5 giant cockroaches
  11 goblins
  2 hobgoblins
  5 jackals
  7 kobolds
  3 quokkas
  6 ball pythons
  2 bats (D:1)
  3 frilled lizards
  5 rats
102 creatures vanquished.

Vanquished Creatures (others)
  2 plants
2 creatures vanquished.

Grand Total: 104 creatures vanquished

Notes
Turn   | Place    | Note
-------+----------+-------------------------------------------
     0 | D:1      | thriggle the Barachi Ice Elementalist began the quest for
                  | the Orb.
     0 | D:1      | Reached XP level 1. HP: 13/13 MP: 3/3
   763 | D:1      | Reached XP level 2. HP: 20/20 MP: 3/5
   824 | D:1      | Found a faded altar of an unknown god.
   827 | D:1      | Prayed at the altar of an unknown god.
   827 | D:1      | Became a worshipper of Xom the Capricious
  1303 | D:1      | Reached XP level 3. HP: 25/25 MP: 3/6
  1307 | D:1      | Learned a level 3 spell: Ozocubu's Armour
  1461 | D:1      | Reached skill level 1 in Fighting
  1461 | D:1      | Reached skill level 5 in Ice Magic
  1727 | D:2      | Reached skill level 1 in Short Blades
  1841 | D:2      | XOM: god gift: scroll labelled ASUOTHR JIVUGYO {god gift}
  1898 | D:2      | Reached skill level 1 in Throwing
  1926 | D:2      | Reached XP level 4. HP: 15/32 MP: 0/8
  2083 | D:2      | XOM: cloud trail
  2163 | D:2      | XOM: give mutations
  2163 | D:2      | Gained mutation: Your spells are a little harder to cast,
                  | but a little more powerful. [Xom's grace]
  2163 | D:2      | Gained mutation: You have sharp fingernails. [Xom's grace]
  2254 | D:2      | Learned a level 3 spell: Frozen Ramparts
  2339 | D:2      | XOM: divination: detect items
  2983 | D:3      | Reached XP level 5. HP: 37/38 MP: 6/9
  3019 | D:3      | Found a white marble altar of Elyvilon.
  3139 | D:3      | XOM: 1-stop teleportation journey
  3643 | D:4      | Found a large runed translucent door.
  3643 | D:4      | Found a large runed translucent door.
  3653 | D:4      | Noticed Zeld's ghost (amateur DECj)
  3725 | D:4      | Found a staircase to the Ecumenical Temple.
  3763 | D:4      | XOM: give mutations
  3763 | D:4      | Gained mutation: You occasionally shout uncontrollably at
                  | your foes. [Xom's mischief]
  3763 | D:4      | Gained mutation: Your mind is acute. (Int +2) [Xom's
                  | mischief]
  3830 | D:4      | Reached XP level 6. HP: 44/44 MP: 2/10
  3910 | D:4      | XOM: noise
  3996 | D:4      | Reached skill level 1 in Armour
  4058 | D:4      | XOM: noise
  4210 | D:4      | XOM: enchant monster (bad)
  4219 | D:4      | Reached XP level 7. HP: 32/51 MP: 12/12
  4431 | D:4      | Slain by an orc priest

Illustrated notes

Levels and vault maps discovered:
D:1:      lemuel_arrival_funnel, layout_loops_ring,
          hellmonk_ecumenical_altar_inner_sanctum
D:2:      layout_loops_ring, serial_bayou_pond_c
D:3:      minmay_spotlight, layout_rooms, nicolae_elyvilon_temple_path,
          st_stairs_7
D:4:      minmay_polygon_palace, layout_basic, minmay_temple_entry_overgrown,
          ebering_ghost_disaster_area

Skill      XL: |  1  2  3  4  5  6  7 |
---------------+----------------------+-----
Stealth        | 2 3 |  3.0
Fighting       | 1 2 3 |  3.0
Ice Magic      | 5 |  5.7
Short Blades   | 1 2 |  2.5
Throwing       | 1 2 |  2.4
Dodging        | 3 |  3.6
Spellcasting   | 3 |  3.4
Armour         | 1 |  1.8

Action                   |  1- 3 |  4- 6 |  7- 9 || total
-------------------------+-------+-------+-------++-------
Melee: Hand axe          |     6 |       |       ||     6
       Dagger            |     2 |       |       ||     2
       Short sword       |    30 |   105 |    15 ||   150
       Punch             |       |     3 |       ||     3
Throw: Stone             |    11 |    22 |       ||    33
 Cast: Freeze            |    43 |    35 |     1 ||    79
       Ozocubu's Armour  |       |     4 |     3 ||     7
       Frozen Ramparts   |       |     8 |     4 ||    12
  Use: Scroll            |     1 |     1 |       ||     2
       Potion            |       |     2 |       ||     2
 Stab: Sleeping          |       |     5 |       ||     5
Armor: Robe              |    11 |    30 |     7 ||    48
Dodge: Dodged            |    51 |    88 |     9 ||   148
